 Dungeon Crawl Stone Soup version 0.18-a0-1730-g73f0523 (webtiles) character file.

243349 Kidiri the Eclecticist (level 19, -8/96 HPs)
             Began as a Deep Elf Fire Elementalist on Apr 6, 2016.
             Was the Champion of Vehumet.
             Mangled by a ghost moth (10 damage)
             ... while paralysed
             ... on level 4 of the Spider Nest on Apr 10, 2016.
             The game lasted 15:01:23 (65738 turns).

Kidiri the Eclecticist (DEFE)                      Turns: 65738, Time: 15:01:24

Health: -8/96      AC: 24    Str:  5      XL:     19   Next: 12%
Magic:  0/54       EV:  2    Int: 33      God:    Vehumet [******]
Gold:   267        SH:  0    Dex: 18 (19) Spells: 12 memorised, 7 levels left

rFire  . . .     SeeInvis .     v - +6 dagger (protect)
rCold  . . .     Gourm    .     V - +4 ring mail {rPois}
rNeg   . . .     Faith    .     r - +5 shield
rPois  +         Spirit   .     k - +0 helmet
rElec  .         Dismiss  .     Y - +2 cloak {+Inv}
rCorr  .         Reflect  +     u - +0 pair of gloves
SustAt .         Harm     .     U - +1 pair of boots {Stlth+}
MR     ++...                    d - +3 amulet of reflection
Stlth  ++++......               i - ring of magical power
                                D - +4 ring of intelligence

@: paralysed, exhausted, slowed, very resistant to hostile enchantments,
stealthy
A: talons 1, thin skeletal structure 2, frail 1, high mp 1, magic resistance 1,
screaming 1, wild magic 1, sturdy frame 1
a: Renounce Religion, Evoke Invisibility
}: 1/15 runes: barnacled


You were on level 4 of the Spider Nest.
You worshipped Vehumet.
Vehumet was exalted by your worship.
You were not hungry.

You visited 6 branches of the dungeon, and saw 34 of its levels.
You also visited: Labyrinth and Volcano.

You collected 3236 gold pieces.
You spent 2522 gold pieces at shops.

Inventory:

Hand Weapons
 v - a +6 dagger of protection (weapon)
Armour
 k - a +0 helmet (worn)
 r - a +5 shield (worn)
 u - a +0 pair of gloves (worn)
 U - a +1 pair of boots of stealth (worn)
 V - a +4 ring mail of poison resistance (worn)
 Y - a +2 cloak of invisibility (worn)
Magical Staves
 C - an uncursed staff of conjuration
 F - an uncursed staff of fire
Jewellery
 d - a +3 amulet of reflection (around neck)
 i - a ring of magical power (right hand)
 D - a +4 ring of intelligence (left hand)
 K - a +4 ring of intelligence
Wands
 t - a wand of teleportation (1/9)
 y - a wand of hasting (2/9)
Scrolls
 a - 5 scrolls of immolation
 f - 5 scrolls of recharging
 j - 13 scrolls of teleportation
 m - 4 scrolls of magic mapping
 M - 5 scrolls of amnesia
 Q - a scroll of remove curse
 T - a scroll of summoning
 X - a scroll of fog
Potions
 h - 2 potions of resistance
 n - 4 potions of brilliance
 o - 4 potions of ambrosia
 q - 4 potions of cure mutation
 z - 2 potions of agility
 B - 5 potions of haste
 E - a potion of cancellation
 L - 4 potions of flight
 N - 5 potions of lignification
 O - 2 potions of might
Books
 s - a book of Envenomations

   Spells                             Type                      Level
   a - Spider Form                    Transmutation/Poison         3
   b - Olgreb's Toxic Radiance        Poison                       4
   c - Alistair's Intoxication        Transmutation/Poison         5
   d - Poisonous Cloud                Conjuration/Poison/Air       6
 P - a book of the Earth

   Spells                             Type                      Level
   a - Leda's Liquefaction            Hexes/Earth                  4
   b - Bolt of Magma                  Conjuration/Fire/Earth       5
   c - Statue Form                    Transmutation/Earth          6
   d - Iron Shot                      Conjuration/Earth            6
   e - Shatter                        Earth                        9
Miscellaneous
 p - a legendary deck of defence {the Cloud, drawn: 4}
 J - a plain deck of wonders {drawn: 4}
 R - a plain deck of wonders {drawn: 1}
Comestibles
 b - a chunk of flesh
 c - 10 bread rations
 A - 4 meat rations


   Skills:
 + Level 8.1 Fighting
 + Level 8.0 Armour
 * Level 15.5 Dodging
 - Level 2.4 Stealth
 + Level 7.9 Shields
 * Level 16.4 Spellcasting
 + Level 10.6 Conjurations
 + Level 12.4 Hexes
 + Level 11.3 Charms
 - Level 8.4 Translocations
 + Level 11.2 Fire Magic
 + Level 8.4 Air Magic
 * Level 10.5 Earth Magic
 + Level 9.2 Poison Magic
 + Level 9.3 Evocations


You had 7 spell levels left.
You knew the following spells:

 Your Spells              Type           Power        Failure   Level  Hunger
a - Flame Tongue          Conj/Fire      #####        1%          1    None
b - Throw Flame           Conj/Fire      ######       1%          2    None
c - Conjure Flame         Conj/Fire      #######.     1%          3    None
d - Inner Flame           Hex/Fire       #######.     1%          3    None
e - Sticky Flame          Conj/Fire      #######.     1%          4    None
f - Fireball              Conj/Fire      #######...   1%          5    None
g - Bolt of Magma         Conj/Fire/Erth #######...   1%          5    None
h - Iron Shot             Conj/Erth      #######...   7%          6    #......
i - Shroud of Golubria    Chrm/Tloc      #######...   1%          2    None
j - Passage of Golubria   Tloc           N/A          3%          4    None
k - Mephitic Cloud        Conj/Pois/Air  #######.     1%          3    None
l - Lee's Rapid Deconstr  Erth           #######...   1%          5    None


Dungeon Overview and Level Annotations

Branches:
Dungeon (15/15)            Temple (1/1) D:5            Lair (8/8) D:8
 Shoals (4/4) Lair:5       Spider (4/4) Lair:3        Slime (0/6) Lair:8
    Orc (2/2) D:10            Elf (0/3) Orc:2        Vaults (0/5) D:13
 Depths (0/5) D:15

Altars:
Ashenzari
Cheibriados
Dithmenos
Elyvilon
Fedhas
Gozag
Kikubaaqudgha
Makhleb
Nemelex Xobeh
Okawaru
Pakellas
Qazlal
Ru
Sif Muna
Trog
Vehumet
Xom
Yredelemnul
Zin
The Shining One
Beogh

Shops:
D:8 [   D:10 (!*!*   D:11 =   D:13 *   D:14 :   Orc:2 =(*[   Shoals:1 *
Shoals:2 *![[

Annotations:
Spider:4 exclusions: 3 doors and 3 more exclusions


Innate Abilities, Weirdness & Mutations

You have sharp toenails.
You have a moderately thin skeletal structure (Dex +4, Stealth+).
You are frail (-10% HP).
You have an increased reservoir of magic (+10% MP).
You are resistant to hostile enchantments.
You occasionally shout uncontrollably at your foes.
Your spells are a little harder to cast, but a little more powerful.
Your movements are slightly less encumbered by armour (ER -2).


Message History

You see here a wolf spider corpse.
You feel a strong urge to attack something.
You block something's attack. Something hits you but does no damage.
Something stings you! Something hits you but does no damage.
Something hits you!
* * * LOW HITPOINT WARNING * * *
You block something's attack.
You feel your anger subside.
You are no longer berserk.
You pass out from exhaustion.
You feel yourself slow down.
You feel you are being watched by something.
You feel your power leaking away. Something hits you!
* * * LOW HITPOINT WARNING * * *
Something hits you but does no damage.
Something stings you but does no damage.
Something hits you!
* * * LOW HITPOINT WARNING * * *
Something hits you!
You die...

#..^##.#.#.............
..#..#.##.............
#..#...#.#....^...†...
#..#.#..##.......†....
#..#.#.#..#...........
####...#.#....#...†.....#
##..#....#..#..##%....#
......#.###......##.###
%.###..##..#..#.@#...#
.######...#...###..# #
.#.###†.##...## ####
....#†:.^...##
).#...##..### #....######
^.#### ###


There were no monsters in sight!

Vanquished Creatures
  Arachne (Spider:4)
  Rupert (Lair:4)
  A kraken (Shoals:4)
  Polyphemus (Shoals:4)
  Kirke (D:14)
  Ilsuiw (Shoals:4)
  Donald (Orc:2)
  Roxanne (D:14)
  Maud (Lair:5)
  An orc warlord (Orc:2)
  A ghost moth (Spider:4)
  2 emperor scorpions
  A juggernaut skeleton (D:15)
  Nessos (Lair:5)
  4 merfolk javelineers
  A vault guard (D:13)
  13 merfolk impalers
  Josephine (Shoals:1)
  A minotaur (Lab)
  6 merfolk avatars
  Fannar (Lair:2)
  A catoblepas (Shoals:4)
  5 entropy weavers
  6 hydras
  2 centaur warriors
  5 merfolk aquamancers
  7 satyrs
  A titan zombie (D:15)
  6 death yaks
  Urug (Lair:2)
  An orc high priest (Orc:2)
  A vampire mage (D:15)
  Nergalle (D:12)
  6 skeletal warriors
  A spark wasp zombie (D:15)
  3 unseen horrors
  12 sea snakes
  A kraken simulacrum (Shoals:4)
  25 harpies
  4 orc knights (Orc:2)
  4 hill giants
  17 orb spiders
  30 wolf spiders
  5 orc sorcerers
  A necromancer (D:15)
  18 griffons
  2 deep elf magi (D:13)
  A hornet (shapeshifter) (D:14)
  6 hornets
  11 ugly things
  12 fauns
  11 manticores
  2 moths of wrath (Spider:4)
  10 cyclopes
  3 toenail golems (Volcano)
  14 sirens
  2 centaur zombies
  A stone giant skeleton (D:15)
  19 elephants
  Maurice (D:8)
  An ice statue (Shoals:1)
  5 black mambas
  A gargoyle (D:15)
  2 torpor snails
  35 spiny frogs
  4 water nymphs
  2 kobold demonologists
  2 rime drakes
  18 komodo dragons
  8 demonic crawlers
  A freezing wraith (D:14)
  A tengu conjurer (D:14)
  7 trolls
  39 merfolk
  32 jumping spiders
  A two-headed ogre (D:10)
  5 wind drakes
  9 giant leeches
  6 slime creatures (D:14)
  A hornet zombie (D:15)
  41 blink frogs
  6 boulder beetles
  12 snapping turtles
  2 shadows (D:14)
  13 water elementals
  9 wraiths
  70 redbacks
  40 tarantellas
  4 wyverns
  A vampire (D:15)
  8 humans
  71 yaks
  5 hogs
  Eustachio (D:4)
  20 hippogriffs
  13 vampire mosquitoes
  3 basilisks
  A hungry ghost (D:15)
  2 wargs (Orc:2)
  A naga (Shoals:4)
  2 soldier ants
  2 hell hounds (Lair:8)
  7 porcupines
  27 water moccasins
  31 orc warriors
  3 ice beasts
  15 ogres
  5 phantoms
  5 sky beasts
  2 wasps
  2 eyes of draining
  A necrophage (D:8)
  27 wolves
  8 centaurs
  An elf zombie (D:8)
  6 big kobolds
  20 crocodiles
  34 giant frogs
  2 water moccasin zombies
  5 scorpions
  6 killer bees (D:11)
  A water moccasin skeleton (D:8)
  11 wights
  7 electric eels
  3 howler monkeys
  6 crimson imps
  6 jellies
  2 giant frog zombies
  7 hounds
  A quasit (D:12)
  29 orc wizards
  2 centaur skeletons
  2 giant frog skeletons
  21 orc priests
  3 human zombies (D:8)
  6 iguanas
  Ijyb (D:3)
  Natasha (thrice) (D:4)
  2 human skeletons (D:8)
  11 worker ants
  41 sheep
  A hound skeleton (D:5)
  19 adders
  3 gnolls (D:8)
  A howler monkey skeleton (D:5)
  86 river rats
  2 shadow imps
  An ooze (D:2)
  An adder zombie (D:7)
  An adder skeleton (D:4)
  3 worms
  A dart slug (D:3)
  5 giant geckos
  85 orcs
  A ball python (D:8)
  6 giant cockroaches
  8 hobgoblins
  9 jackals
  25 kobolds
  6 quokkas
  22 bats
  A giant gecko skeleton (D:5)
  6 giant newts
  9 goblins
  An orc zombie (D:8)
  A quokka skeleton (D:8)
  15 rats
  14 plants
  A tentacle (Shoals:4)
  A withered plant (D:15)
1515 creatures vanquished.

Vanquished Creatures (collateral kills)
  An entropy weaver (Spider:4)
  2 wolf spiders (Spider:4)
  A demonic crawler (Spider:4)
4 creatures vanquished.

Vanquished Creatures (others)
  2 merfolk javelineers
  A merfolk impaler (Shoals:4)
  A centaur warrior (D:14)
  A deep elf mage (D:13)
  2 cyclopes
  3 merfolk
  A centaur (D:15)
  93 fungi
  117 plants
  11 tentacles (Shoals:4)
  195 tentacle segments (Shoals:4)
  A withered plant (D:15)
428 creatures vanquished.

Grand Total: 1947 creatures vanquished

Notes
Turn   | Place    | Note
--------------------------------------------------------------
     0 | D:1      | Kidiri the Deep Elf Fire Elementalist began the quest for the Orb.
     0 | D:1      | Reached XP level 1. HP: 10/10 MP: 6/6
   360 | D:1      | Reached XP level 2. HP: 15/15 MP: 5/8
   364 | D:1      | Learned a level 2 spell: Throw Flame
   962 | D:1      | Upgraded the game from 0.18-a0-1702-gd20c6a5 to 0.18-a0-1718-g40ea4b6
  1117 | D:2      | Reached XP level 3. HP: 20/20 MP: 2/10
  1125 | D:2      | Learned a level 3 spell: Conjure Flame
  1129 | D:2      | Learned a level 3 spell: Inner Flame
  1391 | D:2      | Found a faded altar to an unknown god.
  1401 | D:2      | Reached skill level 4 in Spellcasting
  1525 | D:2      | Reached skill level 1 in Hexes
  1734 | D:2      | Reached XP level 4. HP: 24/24 MP: 6/12
  1933 | D:2      | Reached skill level 1 in Fighting
  2421 | D:3      | Reached XP level 5. HP: 29/29 MP: 7/13
  2947 | D:3      | Found a shattered altar of Ashenzari.
  2975 | D:3      | Reached skill level 5 in Spellcasting
  3124 | D:3      | Learned a level 4 spell: Sticky Flame
  3214 | D:3      | Noticed Ijyb
  3221 | D:3      | Killed Ijyb
  3221 | D:3      | Reached XP level 6. HP: 34/34 MP: 8/15
  3329 | D:3      | Reached skill level 1 in Shields
  3561 | D:3      | Found a snail-covered altar of Cheibriados.
  4014 | D:4      | Noticed Eustachio
  4121 | D:4      | Found a sacrificial altar of Ru.
  4296 | D:4      | Noticed Natasha
  4317 | D:4      | Killed Natasha
  4317 | D:4      | Reached XP level 7. HP: 38/38 MP: 8/17
  4670 | D:4      | Reached skill level 6 in Spellcasting
  4780 | D:4      | Noticed Natasha
  4793 | D:4      | Killed Natasha
  4943 | D:4      | Killed Eustachio
  4943 | D:4      | Reached skill level 1 in Armour
  5036 | D:5      | Entered Level 5 of the Dungeon
  5231 | D:5      | Learned a level 5 spell: Fireball
  5373 | D:4      | Noticed Natasha
  5376 | D:4      | Killed Natasha
  5578 | D:5      | Reached skill level 5 in Dodging
  5578 | D:5      | Reached XP level 8. HP: 44/44 MP: 7/20
  5829 | D:5      | Found a staircase to the Ecumenical Temple.
  5840 | Temple   | Entered the Ecumenical Temple
  5847 | Temple   | Became a worshipper of Vehumet
  5933 | D:5      | Reached skill level 7 in Spellcasting
  6510 | D:6      | Found a shadowy altar of Dithmenos.
  6647 | D:6      | Found a sparkling altar of Nemelex Xobeh.
  6651 | D:6      | Found a sparkling altar of Nemelex Xobeh.
  6715 | D:6      | Found a shimmering altar of Xom.
  6876 | D:6      | Found a bloodstained altar of Trog.
  6890 | D:6      | Reached skill level 8 in Spellcasting
  6890 | D:6      | Reached XP level 9. HP: 50/50 MP: 0/23
  6920 | D:6      | Reached skill level 5 in Fire Magic
  7568 | D:7      | Reached * piety under Vehumet
  7568 | D:7      | Offered knowledge of Sting by Vehumet.
  7571 | D:7      | Learned a level 1 spell: Sting
  7578 | D:7      | Reached skill level 5 in Hexes
  8226 | D:8      | Found an ancient bone altar of Kikubaaqudgha.
  8242 | D:8      | Reached skill level 1 in Poison Magic
  8279 | D:8      | Reached skill level 5 in Conjurations
  8706 | D:8      | Reached skill level 9 in Spellcasting
  9280 | D:8      | Reached XP level 10. HP: 54/56 MP: 11/25
  9349 | D:8      | Offered knowledge of Shock by Vehumet.
  9379 | D:7      | Reached ** piety under Vehumet
  9382 | D:7      | Learned a level 1 spell: Shock
 10084 | D:8      | Noticed Maurice
 10422 | D:8      | Killed Maurice
 10767 | D:8      | Offered knowledge of Stone Arrow by Vehumet.
 10855 | D:8      | Reached *** piety under Vehumet
 10886 | D:8      | Reached skill level 1 in Air Magic
 10886 | D:8      | Reached skill level 1 in Evocations
 11004 | D:8      | Learned a level 3 spell: Stone Arrow
 11020 | D:8      | Found a staircase to the Lair.
 11183 | D:8      | Found Jireigin's Antique Armour Emporium.
 11191 | D:8      | Bought a pair of boots for 130 gold pieces
 11436 | Lair:1   | Entered Level 1 of the Lair of Beasts
 11537 | Lair:1   | Noticed a spiny frog
 11546 | Lair:1   | Killed a spiny frog
 11618 | Lair:1   | Reached skill level 10 in Spellcasting
 11707 | Lair:1   | Noticed a spiny frog
 11719 | Lair:1   | Killed a spiny frog
 11719 | Lair:1   | Reached skill level 1 in Earth Magic
 12023 | Lair:1   | Noticed a spiny frog
 12035 | Lair:1   | Killed a spiny frog
 12274 | Lair:1   | Reached XP level 11. HP: 46/61 MP: 18/27
 12278 | Lair:1   | Offered knowledge of Iskenderun's Mystic Blast by Vehumet.
 12293 | Lair:1   | Learned a level 2 spell: Shroud of Golubria
 12703 | Lair:1   | Learned a level 4 spell: Passage of Golubria
 13155 | Lair:2   | Reached **** piety under Vehumet
 13382 | Lair:2   | Reached skill level 1 in Charms
 13625 | Lair:2   | Noticed Fannar
 13635 | Lair:2   | Killed Fannar
 13635 | Lair:2   | Reached skill level 1 in Translocations
 14184 | Lair:2   | Offered knowledge of Mephitic Cloud by Vehumet.
 14779 | Lair:2   | Noticed Urug
 15243 | Lair:2   | Killed Urug
 15734 | Lair:3   | Reached XP level 12. HP: 49/67 MP: 17/28
 15877 | Lair:3   | Reached skill level 11 in Spellcasting
 15909 | Lair:3   | Reached skill level 5 in Poison Magic
 15914 | Lair:3   | Found a hole to the Spider Nest.
 16185 | Lair:3   | Learned a level 3 spell: Mephitic Cloud
 16193 | Lair:3   | Reached skill level 10 in Dodging
 16729 | Lair:3   | Noticed a six-headed hydra
 16846 | Lair:3   | Killed a six-headed hydra
 17291 | Lair:3   | Reached skill level 5 in Fighting
 17428 | Lair:3   | Gained mutation: Your muscles are strong. (Str +2) [potion of beneficial mutation]
 17962 | Lair:4   | Reached ***** piety under Vehumet
 18210 | Lair:4   | Offered knowledge of Bolt of Magma by Vehumet.
 18934 | Lair:4   | Noticed Rupert
 18957 | Lair:4   | Killed Rupert
 19308 | Lair:4   | Noticed a six-headed hydra
 19329 | Lair:4   | Killed a six-headed hydra
 19441 | Lair:4   | Reached XP level 13. HP: 72/72 MP: 18/30
 20532 | Lair:5   | Noticed Maud
 21203 | D:9      | Found a shattered altar of Ashenzari.
 21295 | D:9      | Found an iron altar of Okawaru.
 21319 | D:9      | Gained mutation: You are agile. (Dex +2) [mutagenic meat]
 21320 | D:9      | Gained mutation: Scrolls take you a little longer to read. [mutagenic meat]
 21321 | D:9      | Gained mutation: You are partially covered in icy blue scales (AC +1). [mutagenic meat]
 21322 | D:9      | Gained mutation: You have a somewhat thin skeletal structure (Dex +2, Stealth). [mutagenic meat]
 21858 | D:9      | Learned a level 5 spell: Bolt of Magma
 22208 | D:10     | Entered Level 10 of the Dungeon
 22233 | D:10     | Found a glowing golden altar of the Shining One.
 22323 | D:10     | Found a deep blue altar of Sif Muna.
 22339 | D:10     | Reached skill level 5 in Charms
 22529 | D:10     | Found Cuokhy's General Store.
 22534 | D:10     | Bought a scroll of enchant armour for 90 gold pieces
 22673 | D:10     | Found Oqaupt's Weapon Shoppe.
 22782 | D:10     | Found Weschin's Distillery.
 22788 | D:10     | Found Xugoyzxuown's Distillery.
 22790 | D:10     | Bought a potion of heal wounds for 65 gold pieces
 22790 | D:10     | Bought a potion of heal wounds for 65 gold pieces
 22790 | D:10     | Bought 2 potions of curing for 78 gold pieces
 22790 | D:10     | Bought 2 potions of heal wounds for 130 gold pieces
 22805 | D:10     | Bought 3 potions of heal wounds for 165 gold pieces
 22808 | D:10     | Found Laem's General Store.
 22942 | D:10     | Found a staircase to the Orcish Mines.
 23119 | Orc:1    | Entered Level 1 of the Orcish Mines
 23407 | Lair:5   | Killed Maud
 23407 | Lair:5   | Reached skill level 5 in Evocations
 23643 | Lair:5   | Reached skill level 12 in Spellcasting
 23759 | Lair:5   | Reached skill level 5 in Armour
 23846 | Lair:5   | Found a staircase to the Shoals.
 23937 | Lair:5   | Got a pitted copper ring
 23939 | Lair:5   | Identified the ring "Wusuex" {*Drain rElec rN+++ EV+3 Int-4} (You took it off a centaur on level 5 of the Lair of Beasts)
 24250 | Lair:5   | Reached skill level 5 in Shields
 24745 | Lair:5   | Noticed Nessos
 24752 | Lair:5   | HP: 1/73 [Nessos/poisoned arrow (8)]
 24755 | Lair:5   | Killed Nessos
 25596 | Lair:6   | Reached skill level 5 in Earth Magic
 26606 | Lair:6   | Offered knowledge of Iron Shot by Vehumet.
 27256 | Lair:7   | Reached XP level 14. HP: 79/79 MP: 22/32
 28567 | Lair:7   | Gained mutation: You are robust (+10% HP). [potion of mutation]
 29109 | Lair:8   | Entered Level 8 of the Lair of Beasts
 29688 | Lair:8   | Found a dark tunnel.
 29711 | Volcano  | Entered a volcano
 30257 | Volcano  | Reached skill level 5 in Air Magic
 30431 | Lair:8   | Offered knowledge of Conjure Ball Lightning by Vehumet.
 31122 | Lair:8   | Reached skill level 5 in Translocations
 31231 | Lair:8   | Reached skill level 13 in Spellcasting
 32112 | Lair:8   | Reached skill level 10 in Hexes
 33116 | Lair:8   | Found a staircase to the Slime Pits.
 33256 | Lair:8   | Offered knowledge of Poison Arrow by Vehumet.
 33402 | Lair:8   | Reached ****** piety under Vehumet
 33591 | Lair:8   | Reached XP level 15. HP: 92/92 MP: 1/34
 33897 | Lair:8   | Got a pitted arbalest
 33903 | Lair:8   | Identified the +11 arbalest of Cobwebs {penet, +Fly Str+4 Dex-4} (You found it on level 8 of the Lair of Beasts)
 33926 | Lair:8   | Learned a level 5 spell: Lee's Rapid Deconstruction
 34961 | Orc:2    | Entered Level 2 of the Orcish Mines
 35514 | Orc:2    | Noticed Donald
 35529 | Orc:2    | Killed Donald
 36169 | Orc:2    | Paralysed by an orc sorcerer for 5 turns
 36792 | Orc:2    | Noticed an orc warlord
 37385 | Orc:2    | Killed an orc warlord
 37390 | Orc:2    | Found a roughly hewn altar of Beogh.
 37434 | Orc:2    | Found Jiejitus's Antique Weapon Boutique.
 37477 | Orc:2    | Found Cecool's Jewellery Boutique.
 37479 | Orc:2    | Found Baor's General Store.
 37664 | Orc:2    | Bought a +3 amulet of reflection for 275 gold pieces
 37685 | Orc:2    | Bought a scroll of remove curse for 54 gold pieces
 37720 | Orc:2    | Found a staircase to the Elven Halls.
 37737 | Orc:2    | Offered knowledge of Orb of Destruction by Vehumet.
 37750 | Orc:2    | Found Mozetu's Antique Armour Boutique.
 37757 | Orc:2    | Bought a heavy robe for 210 gold pieces
 37767 | Orc:2    | Identified the +0 robe "Sitoiq" {Slay+4 Stlth+} (You bought it in a shop on level 2 of the Orcish Mines)
 38822 | D:11     | Upgraded the game from 0.18-a0-1718-g40ea4b6 to 0.18-a0-1730-g73f0523
 39013 | D:11     | Found Voampump's Jewellery Shop.
 39016 | D:11     | Bought a +4 ring of intelligence for 351 gold pieces
 39346 | D:11     | Got a bound amber ring
 39348 | D:11     | Identified the ring of Lefielas {rC+ Dex+5 Stlth-} (You found it on level 11 of the Dungeon)
 39675 | D:12     | Noticed Nergalle
 39683 | D:12     | Killed Nergalle
 39748 | D:12     | Found a labyrinth entrance.
 39755 | D:12     | Gained mutation: You occasionally shout uncontrollably at your foes. [mutagenic meat]
 39807 | Lab      | Entered a labyrinth
 40561 | D:12     | Identified a +8 rod of shadows (13/13) (You found it in a labyrinth)
 40840 | D:12     | Reached skill level 14 in Spellcasting
 41376 | D:13     | Offered knowledge of Poisonous Cloud by Vehumet.
 41969 | D:13     | Found a gate to the Vaults.
 42074 | D:13     | Found Deilir's Assorted Antiques.
 42081 | D:13     | Bought a scroll of identify for 64 gold pieces
 42081 | D:13     | Bought a crooked copper wand for 128 gold pieces
 42701 | D:14     | Found a deep blue altar of Sif Muna.
 42703 | D:14     | Noticed Roxanne
 42925 | D:14     | Killed Roxanne
 43137 | D:14     | Gained mutation: You tend to lose your temper in combat. [mutagenic meat]
 43138 | D:14     | Lost mutation: Scrolls take you a little longer to read. [mutagenic meat]
 43140 | D:14     | Gained mutation: You have a pair of small horns on your head. [mutagenic meat]
 43401 | D:14     | Found Uregeabb's Book Shoppe.
 44166 | D:14     | Reached XP level 16. HP: 99/99 MP: 36/36
 44329 | D:14     | Gained mutation: You expend magic power (3 MP) to strengthen your wands. [potion of mutation]
 44329 | D:14     | Lost mutation: You expend magic power (3 MP) to strengthen your wands. [potion of mutation]
 44329 | D:14     | Gained mutation: Scrolls take you a little longer to read. [potion of mutation]
 44561 | D:15     | Entered Level 15 of the Dungeon
 44574 | D:14     | Offered knowledge of Spellforged Servitor by Vehumet.
 44585 | D:14     | Lost mutation: You are agile. (Dex +2) [mutagenic meat]
 44743 | D:15     | Noticed Kirke
 44820 | D:14     | Killed Kirke
 45314 | D:15     | Gained mutation: You have a moderately thin skeletal structure (Dex +4, Stealth+). [mutagenic meat]
 45324 | D:15     | Lost mutation: Scrolls take you a little longer to read. [mutagenic meat]
 45610 | D:15     | Reached skill level 10 in Fire Magic
 45887 | D:15     | Found a staircase to the Depths.
 45904 | D:15     | Lost mutation: You are robust (+10% HP). [potion of cure mutation]
 45904 | D:15     | Lost mutation: You tend to lose your temper in combat. [potion of cure mutation]
 45904 | D:15     | Lost mutation: You are partially covered in icy blue scales (AC +1). [potion of cure mutation]
 45904 | D:15     | Lost mutation: You have a pair of small horns on your head. [potion of cure mutation]
 45904 | D:15     | Lost mutation: Your muscles are strong. (Str +2) [potion of cure mutation]
 46355 | D:14     | Gained mutation: You have sharp toenails. [mutagenic meat]
 46356 | D:14     | Gained mutation: You are robust (+10% HP). [mutagenic meat]
 46357 | D:14     | Gained mutation: You are resistant to hostile enchantments. [mutagenic meat]
 46549 | D:15     | Lost mutation: You are robust (+10% HP). [mutagenic meat]
 46559 | D:15     | Gained mutation: Your spells are a little harder to cast, but a little more powerful. [mutagenic meat]
 46560 | D:15     | Gained mutation: Your movements are slightly less encumbered by armour (ER -2). [mutagenic meat]
 47125 | Shoals:1 | Entered Level 1 of the Shoals
 47610 | Shoals:1 | Found Kamma's Assorted Antiques.
 47882 | Shoals:1 | Learned a level 6 spell: Iron Shot
 47919 | Shoals:1 | Noticed Josephine
 47920 | Shoals:1 | Killed Josephine
 48223 | Shoals:1 | Bought a garnet ring for 145 gold pieces
 48223 | Shoals:1 | Bought a scroll of amnesia for 101 gold pieces
 48223 | Shoals:1 | Bought a pair of runed boots for 130 gold pieces
 48357 | Lair:5   | Offered knowledge of Lehudib's Crystal Spear by Vehumet.
 48357 | Lair:5   | Offered knowledge of Fire Storm by Vehumet.
 48357 | Lair:5   | Offered knowledge of Tornado by Vehumet.
 50160 | Shoals:2 | Found Xuckeonn's General Store.
 50305 | Shoals:2 | Found Mongoh's Armour Shoppe.
 50366 | Shoals:2 | Bought a +1 cloak of invisibility for 181 gold pieces
 50432 | Shoals:2 | Found Suvustem's Antique Armour Boutique.
 50443 | Shoals:2 | Found Owagoc's Distillery.
 50453 | Shoals:2 | Bought a potion of heal wounds for 80 gold pieces
 50453 | Shoals:2 | Bought a potion of heal wounds for 80 gold pieces
 51728 | Shoals:3 | Reached XP level 17. HP: 80/96 MP: 29/37
 51946 | Shoals:3 | Reached skill level 15 in Spellcasting
 52210 | Shoals:3 | Got a twisted battleaxe {drain}
 52216 | Shoals:3 | Identified the +8 battleaxe "Buupneurgh" {drain, Dex+5} (You took it off a merfolk on level 3 of the Shoals)
 52949 | Shoals:3 | Reached skill level 10 in Charms
 53435 | Shoals:4 | Entered Level 4 of the Shoals
 53435 | Shoals:4 | Noticed Polyphemus
 53461 | Shoals:4 | Noticed a kraken
 53484 | Shoals:4 | HP: 4/96 [tentacle[a kraken] (7)]
 55369 | Shoals:4 | Killed Polyphemus
 55377 | Shoals:4 | Reached skill level 10 in Conjurations
 55653 | Shoals:4 | Noticed Ilsuiw
 56295 | Shoals:4 | Killed Ilsuiw
 56573 | Shoals:4 | Got a black opal-encrusted ring mail
 56584 | Shoals:4 | Identified the cursed +0 ring mail "Natruman" {Stlth+} (You took it off a merfolk impaler on level 4 of the Shoals)
 56701 | Shoals:4 | Killed a kraken
 57132 | Shoals:4 | Got a barnacled rune of Zot
 57146 | Shoals:4 | Reached XP level 18. HP: 101/101 MP: 39/39
 58163 | Shoals:4 | Lost mutation: You occasionally shout uncontrollably at your foes. [helix card]
 58163 | Shoals:4 | Gained mutation: You are frail (-10% HP). [helix card]
 58339 | Spider:1 | Entered Level 1 of the Spider Nest
 59265 | Spider:1 | Reached skill level 15 in Dodging
 61419 | Spider:3 | Reached skill level 16 in Spellcasting
 61720 | Spider:3 | Reached skill level 10 in Earth Magic
 63607 | Spider:4 | Entered Level 4 of the Spider Nest
 64173 | Spider:4 | Gained mutation: You occasionally shout uncontrollably at your foes. [potion of mutation]
 64173 | Spider:4 | Gained mutation: You have an increased reservoir of magic (+10% MP). [potion of mutation]
 64402 | Spider:4 | Noticed Arachne
 64424 | Spider:4 | Killed Arachne
 64878 | Spider:4 | Reached XP level 19. HP: 96/96 MP: 45/45
 65015 | Spider:4 | Hired Withuxt the merfolk for 327 gold.
 65029 | Spider:4 | Your ally Withuxt died
 65738 | Spider:4 | HP: 2/96 [something (9)]
 65738 | Spider:4 | Mangled by a ghost moth

Vault maps used:
D:1:      dpeg_arrival_tiny_e, minivault_19
D:2:      ecumenical_altar_1, grunt_ministairs_1
D:3:      cheibriados_altar_1, lemuel_crystal_altar, uniq_iyjb
D:4:      first_bread, nicolae_ru_path_of_blood, uniq_eustachio, uniq_natasha
D:5:      minmay_temple_entry_glass, roderic_lattice_a
D:6:      trog_eyes_of_draining, kennysheep_mini_moat,
          nemelex_xobeh_ov_fountains_minmay, basic_altar, grunt_dithmenos_smoke
D:7:      grunt_livestock
D:8:      lemuel_mausoleum_altar_kikubaaqudgha, grunt_lair_entry_orc_guard_hut,
          serial_shops, shop, uniq_maurice
D:9:      lemuel_doored_altar, evilmike_ruin_ashenzari
D:10:     orc_0_dummy, serial_shops, kennysheep_little_box,
          nicolae_shop_waterfront, nicolae_shop_trees, nicolae_shop_crystal,
          shop, basic_altar, tso_metal_star
D:11:     serial_shops, nicolae_shop_behind_doors, minivault_5
D:12:     lab_entry_generic, uniq_nergalle
D:13:     david_vaults_5, serial_shops, nicolae_shop_behind_doors
D:14:     basic_altar, serial_shops, shop_fountains, uniq_roxanne
D:15:     gammafunk_depths_entry_grave, minivault_23, uniq_kirke
Temple:   minmay_freezing_vapour_temple_12
Lair:1:   nicolae_quartered_pool_medium
Lair:2:   beast_lair_carwin_10, uniq_fannar, uniq_urug
Lair:3:   spider_nest_entry_rubble, beast_lair_carwin_8,
          infiniplex_staircase_pool_2
Lair:4:   grunt_megastairs_3, serial_bayou_shore_b, serial_bayou_shore_a,
          uniq_rupert
Lair:5:   minmay_shoals_entry_centaurs, uniq_nessos, uniq_maud
Lair:7:   st_stairs_10, fungi_pond_lemuel, infiniplex_staircase_pool
Lair:8:   minmay_lair_end_frog_pond, dpeg_slime_entry_corner, enter_volcano_3
Shoals:1: serial_shops, shop, dpeg_stationary_puzzle, uniq_josephine
Shoals:2: serial_shops, nicolae_shop_waterfront, nicolae_shop_statue_plus, shop,
          nicolae_shop_stone
Shoals:4: shoals_end_grunt_ice, shoals_ilsuiw_ice, uniq_polyphemus
Spider:2: nicolae_spider_webbed_stairs
Spider:3: hangedman_stitches_earthworm
Spider:4: spider_rune_water, nicolae_arachne_temple
Orc:2:    grunt_orc_cross, uniq_donald
Lab:      nicolae_lab_starburst, nicolae_lab_blocks
Volcano:  volcano_bunker

Skill      XL: |  1  2  3  4  5  6  7  8  9 10 11 12 13 14 15 16 17 18 19 |
---------------+----------------------------------------------------------+-----
Conjurations   | 2 3 4 5 6 7 8 9 10 | 10.6
Dodging        | 3 4 5 6 7 8 9 10 11 12 13 14 15 | 15.5
Spellcasting   | 4 5 6 8 9 10 11 12 13 14 15 16 | 16.4
Hexes          | 1 2 3 4 6 7 8 9 10 11 12 | 12.4
Fighting       | 1 2 3 4 5 6 7 8 |  8.1
Shields        | 1 2 3 4 5 6 7 |  7.9
Fire Magic     | 4 5 6 7 8 9 10 11 | 11.2
Armour         | 1 2 3 4 5 6 7 8 |  8.0
Poison Magic   | 2 3 4 5 6 7 8 9 |  9.2
Air Magic      | 1 2 3 4 5 6 7 8 |  8.4
Evocations     | 2 3 4 5 6 7 8 9 |  9.3
Earth Magic    | 1 3 4 5 6 7 8 9 10 | 10.5
Charms         | 3 4 5 7 8 9 10 11 | 11.3
Translocations | 2 3 4 5 6 7 8 |  8.4
Stealth        | |  2.4

Action                   |  1- 3 |  4- 6 |  7- 9 | 10-12 | 13-15 | 16-18 | 19-21 || total
-------------------------+-------+-------+-------+-------+-------+-------+-------++-------
Melee: Unarmed           |     2 |       |       |       |       |       |       ||     2
       Short sword       |     4 |       |     3 |    29 |       |       |       ||    36
       Dagger            |       |    40 |   177 |    65 |   333 |   182 |    27 ||   824
       Staff             |       |       |       |    13 |       |    32 |       ||    45
 Cast: Flame Tongue      |    46 |    77 |   189 |   398 |   587 |   188 |    14 ||  1499
       Throw Flame       |    24 |    25 |    38 |   107 |   206 |   186 |     4 ||   590
       Inner Flame       |       |     5 |     3 |     2 |    12 |       |       ||    22
       Conjure Flame     |       |     4 |    10 |    20 |    27 |     6 |       ||    67
       Sticky Flame      |       |     2 |    11 |    73 |   172 |    80 |     6 ||   344
       Fireball          |       |       |     2 |    18 |    58 |   105 |       ||   183
       Shock             |       |       |       |     9 |       |       |       ||     9
       Stone Arrow       |       |       |       |    31 |    38 |     7 |       ||    76
       Sting             |       |       |       |     7 |       |       |       ||     7
       Shroud of Golubri |       |       |       |     3 |     6 |     2 |       ||    11
       Mephitic Cloud    |       |       |       |     1 |    11 |     2 |       ||    14
       Bolt of Magma     |       |       |       |       |   302 |   358 |    38 ||   698
       Passage of Golubr |       |       |       |       |     1 |       |       ||     1
       Lee's Rapid Decon |       |       |       |       |     3 |    22 |       ||    25
       Iron Shot         |       |       |       |       |       |   117 |       ||   117
 Abil: Evoke Invisibilit |       |       |       |       |       |     4 |       ||     4
Evoke: Wand              |       |       |    10 |     1 |     5 |    11 |     1 ||    28
       Deck              |       |       |       |       |       |     8 |     1 ||     9
  Use: Scroll            |     6 |     6 |     6 |     9 |    20 |    29 |     1 ||    77
       Potion            |       |     5 |     3 |     7 |    12 |    22 |     2 ||    51
 Stab: Sleeping          |       |     1 |     3 |     1 |     3 |     3 |       ||    11
       Paralysed         |       |       |     2 |       |       |       |       ||     2
       Confused          |       |       |       |       |     3 |       |       ||     3
       Invisible         |       |       |       |       |       |     1 |       ||     1
       Held in net/web   |       |       |       |       |       |     1 |       ||     1
  Eat: Chunk             |     3 |     4 |    17 |    18 |    57 |    33 |       ||   132
       Bread ration      |       |     1 |       |       |     2 |     1 |       ||     4
       Royal jelly       |       |       |     1 |       |       |       |       ||     1
       Fruit             |       |       |       |     7 |     7 |    14 |       ||    28
       Beef jerky        |       |       |       |     5 |     4 |     3 |       ||    12
       Meat ration       |       |       |       |       |     3 |     4 |       ||     7
       Pizza             |       |       |       |       |       |    13 |       ||    13
